 Dungeon Crawl Stone Soup version 0.25-a0-516-g7d600cd9ad (webtiles) character file.

Game seed: 17641722378870044524, levelgen mode: deterministic

67 Notrik the Ruffian (level 4, -5/36 HPs)
             Began as a Draconian Transmuter on Feb 17, 2020.
             Slain by a worm (12 damage)
             ... on level 3 of the Dungeon.
             The game lasted 00:04:34 (2701 turns).

Notrik the Ruffian (Draconian Transmuter)           Turns: 2701, Time: 00:04:34

Health: -5/36      AC:  5    Str: 13    XL:     4   Next: 0%
Magic:  4/7        EV: 12    Int: 14    God:
Gold:   111        SH:  0    Dex: 11    Spells: 4/7 levels left

rFire    . . .     SeeInvis .     - Unarmed
rCold    . . .     Gourm    .   (no shield)
rNeg     . . .     Faith    .   (armour unavailable)
rPois    .         Spirit   .   (helmet restricted)
rElec    .         Reflect  .   (no cloak)
rCorr    .         Harm     .   (no gloves)
MR       .....                  (no boots)
Stlth    +.........             (no amulet)
HPRegen  0.12/turn              (no ring)
MPRegen  0.10/turn              (no ring)

@: very slightly contaminated
A: unfitting armour, cold-blooded, AC +5
a: no special abilities


You were on level 3 of the Dungeon.
You were not hungry.

You visited 1 branch of the dungeon, and saw 3 of its levels.

You collected 111 gold pieces.

Inventory:

Missiles
 a - 9 arrows
Jewellery
 d - an uncursed amulet of guardian spirit {unknown}
   (You found it on level 1 of the Dungeon)
 n - an uncursed ring of protection from magic {unknown}
   (You found it on level 2 of the Dungeon)
 q - a +3 ring of intelligence {unknown}
   (You found it on level 2 of the Dungeon)
Scrolls
 b - a scroll of enchant weapon {unknown}
 c - 2 scrolls of enchant armour {unknown}
 f - 2 scrolls of teleportation {unknown}
 i - 3 scrolls of identify {unknown}
 j - 2 scrolls of immolation {unknown}
 l - 2 scrolls of remove curse {unknown}
Potions
 g - a potion of heal wounds {unknown}
 h - 3 potions of ambrosia {unknown}
 k - a potion of brilliance {unknown}
 m - a potion of might {unknown}
 p - a potion of haste {unknown}
Comestibles
 e - 3 rations {!d}
 o - a chunk of flesh


   Skills:
 + Level 2.1 Fighting
 + Level 2.3 Dodging
 + Level 3.4 Unarmed Combat
 + Level 2.4 Spellcasting
 + Level 2.6 Transmutations


You had 4 spell levels left.
You knew the following spells:

 Your Spells              Type           Power        Failure   Level  Hunger
a - Beastly Appendage     Tmut           #.....       8%          1    #......
s - Sticks to Snakes      Tmut           #.......     12%         2    ###....

Your spell library contained the following spells:

 Spells                   Type           Power        Failure   Level  Hunger
 Spider Form              Tmut/Pois      #.........   36%         3    ###....
 Ice Form                 Ice/Tmut       #.......     78%         4    #####..
 Blade Hands              Tmut           #.........   91%         5    ######.


Dungeon Overview and Level Annotations

Branches:
Dungeon (3/15)

Altars:
Trog

Annotations:
D:2 2 transporters


Innate Abilities, Weirdness & Mutations

Your plain brown scales are hard. (AC +5)
You cannot fit into any form of body armour.
You are cold-blooded and may be slowed by cold attacks.


Message History

You miscast Beastly Appendage.
You are very lightly contaminated with residual magic.
Nothing appears to happen.
The jackal misses you.
The jackal bites you but does no damage.
A dart slug comes into view.
Your transformation is almost over.
The jackal misses you.
You miscast Beastly Appendage.
Waves of light ripple over your body. The jackal closely misses you.
The jackal barely misses you.
You barely miss the jackal. You barely miss the jackal.
You claw the jackal, but do no damage.
Your tail-slap misses the jackal.
The jackal bites you.
* * * LOW HITPOINT WARNING * * *
The jackal bites you but does no damage.
You barely miss the jackal. You claw the jackal. The jackal closely misses you.
The jackal misses you. The jackal bites you.
* * * LOW HITPOINT WARNING * * *
The jackal barely misses you.
You hit the jackal but do no damage. The jackal misses you.
The jackal barely misses you.
You barely miss the jackal. You claw the jackal, but do no damage.
The jackal pauses to sniff the ground.
The jackal bites you.
* * * LOW HITPOINT WARNING * * *
The jackal closely misses you.
You barely miss the jackal. The jackal barely misses you.
The jackal bites you but does no damage. x2
You barely miss the jackal.
Your talons disappear.
The jackal closely misses you. x2
The jackal bites you but does no damage.
You barely miss the jackal. You tail-slap the jackal.
You kill the jackal!
The jackal barely misses you.
You barely miss the jackal. The jackal barely misses you. The jackal bites you.
* * * LOW HITPOINT WARNING * * *
You hit the jackal. The jackal barely misses you.
The jackal bites you but does no damage. x2
The jackal closely misses you.
You hit the jackal.
You kill the jackal!
You have reached level 4!
You feel clever. The jackal bites you.
* * * LOW HITPOINT WARNING * * *
You hit the jackal but do no damage.
The jackal bites you but does no damage.
You barely miss the jackal. The jackal misses you. The worm bites you!
You die...

#.. #.. #... #.#
#.... #.#
#...###### #.#
##...##...###.#####
...................
..............####
$.......?.#...ww@#
..#.........####h#
......#.#...#....#
..##..#.....#.####
.. #........#.# #.
...w###..#.#
###.#.......#.#
..#.>.###.#.#
#####... .#<#


You could see a worm, a dart slug and a jackal.

Vanquished Creatures
  An adder (D:2)
  An ooze (D:3)
  3 worms
  2 leopard geckos
  6 bats
  3 giant cockroaches
  4 goblins
  4 hobgoblins (D:1)
  2 jackals (D:3)
  2 ball pythons
  A frilled lizard (D:1)
  4 kobolds (D:1)
  3 rats
36 creatures vanquished.

Vanquished Creatures (collateral kills)
  An adder (D:2)
1 creature vanquished.

Grand Total: 37 creatures vanquished

Notes
Turn   | Place    | Note
-------+----------+-------------------------------------------
     0 | D:1      | Notrik the Draconian Transmuter began the quest for the
                  | Orb.
     0 | D:1      | Reached XP level 1. HP: 16/16 MP: 3/3
   323 | D:1      | Reached XP level 2. HP: 23/23 MP: 5/5
   640 | D:1      | HP: 1/23 [giant cockroach (1)]
   956 | D:1      | Learned a level 2 spell: Sticks to Snakes
  1549 | D:2      | Reached XP level 3. HP: 6/29 MP: 2/6
  1829 | D:2      | Found a transporter.
  1830 | D:2      | Noticed an ice beast
  1833 | D:2      | Found a transporter.
  2063 | D:2      | Found a bloodstained altar of Trog.
  2699 | D:3      | Reached XP level 4. HP: 8/36 MP: 4/7
  2701 | D:3      | Slain by a worm

Levels and vault maps discovered:
D:1:      dpeg_arrival_fog, layout_basic
D:2:      layout_loops_ring, gammafunk_temple_overflow_arena, minmay_hedge_maze
D:3:      layout_basic, lemuel_round_altar, first_ration

Skill      XL: |  1  2  3 |
---------------+----------+-----
Dodging        | 2 |  2.3
Fighting       | 2 |  2.1
Unarmed Combat | |  3.4
Spellcasting   | |  2.4
Transmutations | |  2.6

Action                   |  1- 3 |  4- 6 || total
-------------------------+-------+-------++-------
Melee: Unarmed           |   157 |     2 ||   159
       Tailslap          |    12 |       ||    12
       Punch             |     2 |       ||     2
       Kick              |     3 |       ||     3
 Cast: Sticks to Snakes  |     3 |       ||     3
       Beastly Appendage |     1 |       ||     1
 Stab: Sleeping          |     1 |       ||     1
  Eat: Ration            |     2 |       ||     2
       Chunk             |     1 |       ||     1
Armor: Skin              |    55 |     1 ||    56
Dodge: Dodged            |   108 |     1 ||   109

Table legend:
 A = Non-vault XP
 B = Vault XP
 C = Vault XP percentage of total XP
 D = Non-vault monster count
 E = Vault monster count
 F = Vault count percentage of total count
                 A         B        C        D         E       F
            +---------+---------+-------+---------+---------+-------
      Total |      97 |       0 |   0.0 |      37 |       0 |   0.0
            +---------+---------+-------+---------+---------+-------
        D:1 |      36 |       0 |   0.0 |      21 |       0 |   0.0
        D:2 |      43 |       0 |   0.0 |      11 |       0 |   0.0
        D:3 |      18 |       0 |   0.0 |       5 |       0 |   0.0
            +---------+---------+-------+---------+---------+-------
